 Dungeon Crawl Stone Soup version 0.24-a0-271-ga0fc33f (webtiles) character file.

Game seed: 17114714478885273331

59628 Lanoc the Fencer (level 14, -7/193 HPs)
             Began as a Minotaur Fighter on Apr 24, 2019.
             Was the Champion of the Shining One.
             Mangled by an orc warlord
             ... wielding a +0 long sword
              (15 damage)
             ... on level 1 of the Orcish Mines.
             The game lasted 00:39:34 (16247 turns).

Lanoc the Fencer (Minotaur Fighter)                Turns: 16247, Time: 00:39:35

Health: -7/193     AC: 27    Str: 22    XL:     14   Next: 53%
Magic:  3/6        EV:  2    Int:  5    God:    the Shining One [******]
Gold:   1817       SH: 16    Dex: 19    Spells: 13/13 levels left

rFire    + . .     SeeInvis .   y - +5 scimitar of Breach {antimagic, *Noise +Inv Stlth+}
rCold    + + .     Gourm    +   j - +0 buckler
rNeg     + + +     Faith    .   (armour currently unavailable)
rPois    +         Spirit   .   (helmet currently unavailable)
rElec    +         Reflect  .   (cloak currently unavailable)
rCorr    +         Harm     .   (gloves currently unavailable)
MR       +....     NoTele   +   (boots currently unavailable)
Stlth    ++........             t - amulet of the gourmand
HPRegen  0.42/turn              G - ring of protection from cold
MPRegen  0.10/turn              e - ring of poison resistance

@: agile, divine shield, tree-form, resistant, glowing
A: (retaliatory headbutt)
a: Divine Shield, Cleansing Flame, Summon Divine Warrior, Brand Weapon With Holy
Wrath, Renounce Religion, Evoke Invisibility


You were on level 1 of the Orcish Mines.
You worshipped the Shining One.
The Shining One was exalted by your worship.
You were full.
You were a tree.
You visited 3 branches of the dungeon, and saw 17 of its levels.
You visited 1 bazaar.

You collected 2781 gold pieces.
You spent 964 gold pieces at shops.

Inventory:

Hand Weapons
 a - a +0 long sword
 o - a +0 falchion of slicing
 y - the +5 scimitar of Breach (weapon) {antimagic, *Noise +Inv Stlth+}
   (You acquired it on level 11 of the Dungeon)

   It reduces the magical energy of the wielder, and disrupts the spells and
   magical abilities of those hit.
   Natural abilities and divine invocations are not affected.
   It lets you turn invisible.
   It may make noises in combat.
   It makes you more stealthy.
Missiles
 g - 204 bolts
 u - 772 arrows
Armour
 b - a +1 hat of magic resistance (melded)
 c - a +0 shield
 j - a +0 buckler (worn)
 r - the +0 pair of gloves of Fortification (melded) {*Contam +Blink rPois Int-3}
   (You bought it in a shop on level 5 of the Dungeon)

   It affects your intelligence (-3).
   It protects you from poison.
   It lets you blink.
   It causes magical contamination when unequipped.
 C - the +5 plate armour of the Comet (melded) {rC+ Dex+6}
   (You bought it in a shop in a bazaar)

   It affects your dexterity (+6).
   It protects you from cold.
 H - a +0 cloak (melded)
Jewellery
 e - a ring of poison resistance (right branch)
 t - an amulet of the gourmand (around neck)
 G - a ring of protection from cold (left branch)
Wands
 x - a wand of iceblast (12)
 A - a wand of polymorph (9)
 D - a wand of acid (8)
 F - a wand of flame (20)
 J - a wand of paralysis (19)
 L - a wand of disintegration (13)
Scrolls
 d - 10 scrolls of teleportation
 i - 5 scrolls of remove curse
 k - 6 scrolls of magic mapping
 p - 5 scrolls of enchant armour
 q - a scroll of fog
Potions
 m - 2 potions of curing
 n - a potion of ambrosia
 s - a potion of brilliance
 z - a potion of flight
 B - a potion of magic
 I - a potion of mutation
 K - a potion of agility
Comestibles
 f - 36 rations


   Skills:
 + Level 13.0 Fighting
 * Level 17.1 Long Blades
 + Level 12.9 Armour
 + Level 11.5 Dodging
 - Level 4.0 Shields
 + Level 10.4 Invocations


You had 13 spell levels left.
You didn't know any spells.
Your spell library contained the following spells:

 Spells                   Type           Power        Failure   Level  Hunger
 Corona                   Hex            #......      47%         1    ##.....
 Ensorcelled Hibernation  Hex/Ice        #.....       63%         2    ###....
 Slow                     Hex            #.......     63%         2    ###....
 Confuse                  Hex            #.......     85%         3    ####...
 Dazzling Spray           Conj/Hex       #.....       85%         3    ####...
 Inner Flame              Hex/Fire       #.......     85%         3    ####...
 Portal Projectile        Hex/Tloc       #.....       85%         3    ####...
 Tukima's Dance           Hex            #.......     85%         3    ####...
 Cause Fear               Hex            #.........   99%         4    #####..
 Leda's Liquefaction      Hex/Erth       #.........   99%         4    #####..
 Irradiate                Conj/Tmut      #.........   100%        5    ######.
 Hydra Form               Tmut           #.........   100%        6    #######
 Statue Form              Tmut/Erth      #........    100%        6    #######
 Dragon Form              Tmut           #.........   100%        7    #######


Dungeon Overview and Level Annotations

Branches:
Dungeon (15/15)            Temple (1/1) D:5            Lair (0/6) D:8
    Orc (1/2) D:9          Vaults (0/5) D:14         Depths (0/5) D:15

Altars:
Cheibriados
Dithmenos
Elyvilon
Fedhas
Hepliaklqana
Kikubaaqudgha
Makhleb
Nemelex Xobeh
Okawaru
Ru
Sif Muna
Trog
Vehumet
Xom
Yredelemnul
Zin
The Shining One
Beogh

Shops:
D:5 :[%   D:13 !

Portals:
Trove: D:10 (give 15 potions of curing)

Annotations:
D:4 1 runed translucent door, Lanoc's ghost, novice MiGl
D:10 trove 15 pots of curing
Orc:1 1 runed translucent door, exclusion: 4 orange crystal statues, Sonja


Innate Abilities, Weirdness & Mutations

((You reflexively headbutt those who attack you in melee.))
((You have a pair of horns on your head.))


Message History

You block the orc warrior's attack.
You feel agile all of a sudden.
The orc warlord hits you with a +0 long sword!!
* * * LOW HITPOINT WARNING * * *
You block the orc warrior's attack.
The orc warrior hits you with a +2 war axe of draining!
The Shining One protects you from harm!
You barely miss the orc warlord.
The orc warlord is moderately wounded.
You block the orc warrior's attack.
The orc warlord roars a battlecry!
The orc goes into a battle-frenzy!
You block the orc warrior's attack.
The orc shouts!
You hear a shout!
You hit the orc warlord but do no damage.
The orc warlord is moderately wounded.
The orc warrior no longer looks unusually strong.
The orc warrior hits you but does no damage.
The orc warlord hits you with a +0 long sword!
You die...

.......(.....#
....#..).#..##
..........##C##
.......(.##..(#
.........##...##
.(.((..........# ##
.(((......(...o###.##
..(((.....$...Ko#...#
..((......o...oo♣...#
..............oooo..##
.................o...## ##
.>.....####'####......##.##
.......#8.....8#.....#....#
.......#.#...#.#.#........
.......#....$..#.......#.#
......o#...[...#.#.#....#
.......#.......#..#....##


You could see an orc warlord, an orange crystal statue, a cyclops, 5 orc
warriors, Sonja the big kobold, an orc priest and 3 orcs.

Vanquished Creatures
  Rupert (D:12)
  Jorgrun (D:13)
  Gastronok (D:8)
  Kirke (D:13)
  A yaktaur captain (D:15)
  Erolcha (D:10)
  A hydra (D:14)
  A death knight (D:11)
  8 centaur warriors
  4 two-headed ogres
  A tengu warrior (D:13)
  6 skeletal warriors
  3 unseen horrors
  A wizard (D:15)
  2 deep elf magi
  4 orc knights
  12 ugly things
  2 orc sorcerers (Orc:1)
  4 cyclopes
  A moth of wrath (D:14)
  A manticore (D:10)
  Maurice (D:9)
  Psyche (D:9)
  4 centaur skeletons
  A gargoyle (D:10)
  2 komodo dragons
  A yaktaur (D:15)
  A freezing wraith (D:11)
  A troll (D:15)
  A tengu conjurer (D:13)
  A polar bear (shapeshifter) (D:15)
  Prince Ribbit (D:7)
  Grinder (D:6)
  6 slime creatures
  3 hornets (D:13)
  6 hippogriffs
  2 shadows (D:12)
  16 yaks
  16 humans
  2 basilisks
  5 wraiths
  A wyvern (D:13)
  4 hungry ghosts
  2 steam dragons (D:11)
  A golden eye (shapeshifter) (D:13)
  8 vampire mosquitoes (D:14)
  3 hogs (D:13)
  3 acid dragons
  A soldier ant (D:13)
  A water moccasin (D:15)
  10 orc warriors
  5 sky beasts
  7 ice beasts
  An eye of draining (D:11)
  A necrophage (D:15)
  2 phantoms
  6 ogres
  27 centaurs
  12 bullfrogs
  3 big kobolds
  2 gnoll sergeants
  6 scorpions
  2 troll zombies (D:9)
  10 killer bees
  3 howler monkeys (D:13)
  14 wights
  A vampire bat (D:7)
  5 crimson imps
  4 centaur zombies
  A quasit (D:8)
  5 hounds
  5 jellies
  10 orc priests
  16 orc wizards
  2 bullfrog skeletons
  Jessica (D:2)
  4 iguanas
  9 worker ants
  4 ogre zombies (D:9)
  A hound zombie (D:7)
  2 hound skeletons
  A worker ant zombie (D:10)
  18 gnolls
  14 adders
  5 shadow imps
  4 worms
  A dart slug (D:5)
  4 leopard geckos
  42 orcs
  A ball python (D:6)
  2 bat skeletons (D:7)
  3 bat zombies (D:7)
  4 giant cockroaches
  6 goblins
  3 hobgoblins
  10 jackals
  4 quokkas
  8 bats
  4 frilled lizards
  A goblin skeleton (D:9)
  A goblin zombie (D:9)
  A hobgoblin skeleton (D:9)
  2 hobgoblin zombies (D:9)
  A jackal skeleton (D:5)
  11 kobolds
  2 leopard gecko skeletons
  An orc skeleton (D:9)
  13 orc zombies (D:9)
  A quokka skeleton (D:6)
  A rat (D:1)
503 creatures vanquished.

Vanquished Creatures (others)
  A human (D:13)
  An acid dragon (D:13)
  2 centaurs (D:14)
  A wyvern simulacrum (D:14)
  5 orcs (D:14)
  2 kobolds (D:14)
  A fungus (D:14)
13 creatures vanquished.

Grand Total: 516 creatures vanquished

Notes
Turn   | Place    | Note
-------+----------+-------------------------------------------
     0 | D:1      | Lanoc the Minotaur Fighter began the quest for the Orb.
     0 | D:1      | Reached XP level 1. HP: 19/19 MP: 0/0
   218 | D:1      | Reached XP level 2. HP: 27/27 MP: 1/1
   409 | D:2      | Noticed Jessica
   417 | D:2      | Killed Jessica
   417 | D:2      | Reached skill level 3 in Long Blades
   417 | D:2      | Reached skill level 1 in Dodging
   417 | D:2      | Reached XP level 3. HP: 8/33 MP: 2/2
   740 | D:3      | Reached XP level 4. HP: 4/40 MP: 3/3
   751 | D:3      | HP: 2/40 [poisoned by an adder]
   759 | D:3      | HP: 1/40 [poisoned by an adder]
  1191 | D:3      | Reached skill level 4 in Long Blades
  1191 | D:3      | Reached XP level 5. HP: 39/47 MP: 4/4
  1210 | D:3      | Noticed a phantom
  1260 | D:3      | Killed a phantom
  1280 | D:3      | Found a glowing golden altar of the Shining One.
  1337 | D:3      | Became a worshipper of the Shining One
  1467 | D:3      | Reached skill level 5 in Long Blades
  1638 | D:4      | Reached XP level 6. HP: 51/53 MP: 5/5
  1729 | D:4      | Found a runed translucent door.
  1730 | D:4      | Noticed Lanoc's ghost (novice MiGl)
  1965 | D:4      | Reached skill level 5 in Fighting
  1965 | D:4      | Reached skill level 5 in Armour
  1965 | D:4      | Reached skill level 1 in Invocations
  2323 | D:4      | Reached XP level 7. HP: 61/61 MP: 7/7
  2345 | D:4      | Reached skill level 6 in Long Blades
  2681 | D:5      | Entered Level 5 of the Dungeon
  2682 | D:5      | Found Hug Yramp's Food Boutique.
  2793 | D:5      | Reached * piety under the Shining One
  2820 | D:5      | Found Kuh Dosi's Antique Armour Shop.
  2827 | D:5      | Bought a pair of shimmering gloves for 190 gold pieces
  2832 | D:5      | Identified the +0 pair of gloves of Fortification {*Contam
                  | +Blink rPois Int-3} (You bought it in a shop on level 5 of
                  | the Dungeon)
  2836 | D:5      | Found a staircase to the Ecumenical Temple.
  2863 | Temple   | Entered the Ecumenical Temple
  3125 | D:5      | Found a blossoming altar of Fedhas.
  3285 | D:5      | Reached skill level 7 in Long Blades
  3285 | D:5      | Reached XP level 8. HP: 60/70 MP: 8/8
  3468 | D:5      | Found Hemet's Book Boutique.
  3489 | D:5      | Found a snail-covered altar of Cheibriados.
  3740 | D:6      | Noticed Grinder
  3748 | D:6      | Killed Grinder
  4213 | D:6      | Reached skill level 8 in Long Blades
  4255 | D:6      | Found a sparkling altar of Nemelex Xobeh.
  4339 | D:6      | Reached skill level 5 in Dodging
  4347 | D:6      | Found a hazy altar of Hepliaklqana.
  4607 | D:7      | Reached XP level 9. HP: 55/78 MP: 10/10
  4712 | D:7      | Found a sacrificial altar of Ru.
  4755 | D:7      | Reached ** piety under the Shining One
  4880 | D:7      | Found an ancient bone altar of Kikubaaqudgha.
  4971 | D:7      | Noticed Prince Ribbit
  4975 | D:7      | Found a shadowy altar of Dithmenos.
  4986 | D:7      | Killed Prince Ribbit
  4986 | D:7      | Reached skill level 9 in Long Blades
  5268 | D:7      | Found an iron altar of Okawaru.
  5300 | D:7      | Found a deep blue altar of Sif Muna.
  5790 | D:8      | Found a staircase to the Lair.
  5871 | D:8      | Noticed Gastronok
  5885 | D:8      | Killed Gastronok
  5885 | D:8      | Reached skill level 10 in Long Blades
  5885 | D:8      | Reached skill level 5 in Invocations
  5885 | D:8      | Reached XP level 10. HP: 82/88 MP: 11/13
  5914 | D:8      | Found a white marble altar of Elyvilon.
  6068 | D:8      | Reached *** piety under the Shining One
  6102 | D:8      | Found a hazy altar of Hepliaklqana.
  6583 | D:9      | Reached skill level 11 in Long Blades
  6624 | D:9      | Noticed Maurice
  6679 | D:9      | Killed Maurice
  6985 | D:9      | Found a staircase to the Orcish Mines.
  7016 | D:9      | Reached **** piety under the Shining One
  7077 | D:9      | Reached ***** piety under the Shining One
  7449 | D:9      | Found a radiant altar of Vehumet.
  7509 | D:9      | Reached XP level 11. HP: 92/97 MP: 14/14
  7543 | D:9      | Found a bloodstained altar of Trog.
  7594 | D:9      | Reached skill level 12 in Long Blades
  7614 | D:9      | Found a glowing silver altar of Zin.
  7722 | D:9      | Noticed Psyche
  7733 | D:9      | Killed Psyche
  8307 | D:10     | Entered Level 10 of the Dungeon
  8829 | D:10     | Noticed Erolcha
  8844 | D:10     | Killed Erolcha
  8883 | D:10     | Noticed an unseen horror
  8890 | D:10     | Killed an unseen horror
  8905 | D:10     | Found a portal to a secret trove of treasure.
  9289 | D:11     | Noticed a two-headed ogre
  9302 | D:11     | Killed a two-headed ogre
  9302 | D:11     | Reached skill level 10 in Fighting
  9302 | D:11     | Reached skill level 13 in Long Blades
  9302 | D:11     | Reached skill level 10 in Armour
  9492 | D:11     | Found a flickering gateway to a bazaar.
  9517 | Bazaar   | Entered a bazaar
  9518 | Bazaar   | Found Unekhlob's Food Shop.
  9522 | Bazaar   | Found Nuacaut's Antique Weapon Shop.
  9529 | Bazaar   | Found Misewer's Antique Armour Shoppe.
  9561 | Bazaar   | Found Qidax's Food Shop.
  9571 | Bazaar   | Found Nocaiv's Distillery.
  9615 | Bazaar   | Identified a scroll of acquirement
  9647 | Bazaar   | Bought a brightly glowing plate armour for 644 gold pieces
  9657 | Bazaar   | Identified the +5 plate armour of the Comet {rC+ Dex+6}
                  | (You bought it in a shop in a bazaar)
  9903 | D:11     | Noticed a two-headed ogre
  9913 | D:11     | Got an ivory scimitar
  9914 | D:11     | Identified the +5 scimitar of Breach {antimagic, *Noise
                  | +Inv Stlth+} (You acquired it on level 11 of the Dungeon)
  9922 | D:11     | Killed a two-headed ogre
  9927 | D:11     | Reached XP level 12. HP: 78/107 MP: 5/16
 10812 | D:10     | Reached ****** piety under the Shining One
 10974 | D:11     | Reached skill level 14 in Long Blades
 11214 | D:11     | Found a roughly hewn altar of Beogh.
 11472 | D:12     | Noticed a death knight
 11516 | D:11     | Killed a death knight
 12095 | D:13     | Noticed Rupert
 12095 | D:13     | Paralysed by Rupert for 2 turns
 12108 | D:12     | Killed Rupert
 12164 | D:13     | Noticed a two-headed ogre
 12168 | D:13     | Killed a two-headed ogre
 12180 | D:13     | Noticed Jorgrun
 12195 | D:13     | Killed Jorgrun
 12195 | D:13     | Reached skill level 15 in Long Blades
 12195 | D:13     | Reached skill level 10 in Dodging
 12195 | D:13     | Reached XP level 13. HP: 73/116 MP: 6/18
 12296 | D:13     | Noticed Kirke
 12314 | D:13     | Killed Kirke
 12602 | D:13     | Found Jomeetug's Distillery.
 12609 | D:13     | Bought a potion of resistance for 130 gold pieces
 12835 | D:14     | Found a gate to the Vaults.
 12835 | D:14     | Noticed Nessos
 13269 | D:13     | Reached skill level 16 in Long Blades
 13469 | D:14     | Noticed Nessos
 13469 | D:14     | Nessos changed into Nessos the moth of wrath
 13474 | D:14     | Killed Nessos the moth of wrath
 13804 | D:14     | Reached XP level 14. HP: 117/127 MP: 6/20
 14280 | D:15     | Entered Level 15 of the Dungeon
 14289 | D:15     | Reached skill level 10 in Invocations
 14814 | D:15     | Got a faintly humming leather armour
 14825 | D:15     | Identified the cursed +1 leather armour of the Hidden Vale
                  | {rN++ Str+4} (You found it on level 15 of the Dungeon)
 14875 | D:15     | Reached skill level 17 in Long Blades
 15253 | D:15     | Found a staircase to the Depths.
 15576 | Orc:1    | Entered Level 1 of the Orcish Mines
 15577 | Orc:1    | Found a runed translucent door.
 15637 | Orc:1    | Found the +10 large shield of Ignorance {rN+ Int-4}
 15641 | Orc:1    | Found a runed translucent door.
 15648 | Orc:1    | Noticed an orc warlord
 16177 | Orc:1    | Noticed an orc warlord
 16219 | Orc:1    | Noticed Sonja
 16222 | Orc:1    | Noticed Sonja
 16222 | Orc:1    | Sonja changed into Sonja the big kobold
 16245 | Orc:1    | HP: 7/193 [orc warlord/+0 long sword (19)]
 16245 | Orc:1    | The Shining One protects you from harm!
 16247 | Orc:1    | Mangled by an orc warlord

Levels and vault maps discovered:
D:1:      ebering_trefoil_twist, layout_loops_cross
D:2:      layout_basic, dancing_weapons_uskayaw,
          chequers_ecumenical_altar_island, uniq_jessica
D:3:      layout_basic, tso_metal_star, columned_hall_lemuel, minmay_box_of_dots
D:4:      layout_gridville, ebering_ghost_reflecting_pool
D:5:      layout_basic, kennysheep_slug_shrine, nicolae_overflow_crystal_walls,
          minmay_temple_entry_sparse_star, serial_shops,
          nicolae_shop_window_shopping, shop, nicolae_shop_crystal, first_ration
D:6:      layout_cave_pools, overflow_temple_1_default,
          nemelex_spade_bored_becter, uniq_grinder
D:7:      kennysheep_orc_sif_temple, layout_loops_corners, old_standard_altar,
          kennysheep_mini, kennysheep_vampire_church,
          nicolae_dithmenos_through_a_glass_darkly, uniq_prince_ribbit1
D:8:      layout_loops_corners, elyvilon_altar_3, lair_entry_dummy,
          lemuel_statue_altar, uniq_gastronok
D:9:      layout_stronghold, lemuel_doored_altar, lemuel_crystal_altar,
          lemuel_round_altar, zombieorc1_lemuel, uniq_psyche, uniq_maurice
D:10:     layout_stronghold, nicolae_trove_entry_crossroad, uniq_erolcha
D:11:     layout_roguey, special_room [special_room_orc], serial_shops,
          bzr_entry_islet
D:12:     layout_small_grid
D:13:     layout_loops_ring, serial_shops, shop, hangedman_pestilent_swarm,
          grunt_decor_one_mirror, uniq_jorgrun, uniq_kirke, uniq_rupert
D:14:     layout_loops_ring, david_vaults_3, serial_park_paths
          [serial_park_minivault_5x5_6], lemuel_flamethrower_2
D:15:     grunt_enter_depths_snipers, layout_gridville, hex_medium
Temple:   compressed_dpeg_triangle_lava_temple
Orc:1:    layout_caves, nicolae_orc_rockfall, chequers_guarded_unrand_ignorance,
          uniq_sonja
Bazaar:   bazaar_kb_twisted_cavern

Skill      XL: |  1  2  3  4  5  6  7  8  9 10 11 12 13 14 |
---------------+-------------------------------------------+-----
Long Blades    | 3 4 5 7 8 10 11 13 15 16 17 | 17.1
Dodging        | 1 2 3 4 5 6 7 8 10 11 | 11.5
Shields        | 4 |  4.0
Fighting       | 4 5 6 8 9 10 11 12 13 | 13.0
Armour         | 4 5 6 8 9 10 11 12 | 12.9
Invocations    | 1 2 3 5 6 7 9 10 | 10.4

Action                   |  1- 3 |  4- 6 |  7- 9 | 10-12 | 13-15 || total
-------------------------+-------+-------+-------+-------+-------++-------
Melee: Long sword        |    47 |   141 |   216 |       |       ||   404
       Headbutt          |     9 |    32 |    41 |   227 |   147 ||   456
       Falchion          |       |       |    14 |   548 |       ||   562
       Scimitar          |       |       |       |   261 |   508 ||   769
Invok: Divine Shield     |       |       |       |     1 |     1 ||     2
Evoke: Wand              |       |       |       |       |     9 ||     9
  Use: Potion            |     1 |       |     2 |     2 |     7 ||    12
       Scroll            |       |       |     8 |    10 |     9 ||    27
  Eat: Chunk             |       |     4 |    15 |    34 |    13 ||    66
Armor: Scale mail        |    24 |    53 |    13 |       |       ||    90
       Plate armour      |       |       |    98 |   320 |   217 ||   635
       Skin              |       |       |       |       |     3 ||     3
Dodge: Dodged            |    14 |    63 |    91 |   281 |   268 ||   717
Block: Shield            |     8 |       |       |       |       ||     8
       Buckler           |     7 |    35 |    32 |   150 |   129 ||   353
       Rpst.: Long sword |     6 |    20 |    28 |       |       ||    54
       Falchion          |       |       |     2 |    62 |       ||    64
       Scimitar          |       |       |       |    19 |    71 ||    90

Table legend:
 A = Non-vault XP
 B = Vault XP
 C = Vault XP percentage of total XP
 D = Non-vault monster count
 E = Vault monster count
 F = Vault count percentage of total count
                 A         B        C        D         E       F
            +---------+---------+-------+---------+---------+-------
      Total |   60237 |   24946 |  29.3 |     403 |     101 |  20.0
            +---------+---------+-------+---------+---------+-------
        D:1 |      18 |       0 |   0.0 |      11 |       0 |   0.0
        D:2 |       3 |      37 |  92.5 |       2 |       1 |  33.3
        D:3 |     278 |      13 |   4.5 |      26 |       1 |   3.7
        D:4 |     483 |       0 |   0.0 |      25 |       0 |   0.0
        D:5 |     698 |       4 |   0.6 |      19 |       1 |   5.0
        D:6 |     889 |     267 |  23.1 |      16 |       1 |   5.9
        D:7 |     612 |     627 |  50.6 |      17 |      12 |  41.4
        D:8 |     959 |    2286 |  70.4 |      14 |       1 |   6.7
        D:9 |    3898 |    1683 |  30.2 |      46 |      30 |  39.5
       D:10 |    5432 |    1606 |  22.8 |      19 |       2 |   9.5
       D:11 |    9710 |     617 |   6.0 |      47 |      19 |  28.8
       D:12 |    3920 |    3025 |  43.6 |      20 |       1 |   4.8
       D:13 |    5463 |   10942 |  66.7 |      33 |      23 |  41.1
       D:14 |   12826 |    1502 |  10.5 |      42 |       6 |  12.5
       D:15 |   12412 |    2337 |  15.8 |      42 |       3 |   6.7
      Orc:1 |    2636 |       0 |   0.0 |      24 |       0 |   0.0
            +---------+---------+-------+---------+---------+-------
